 Seeded DCSS version 0.30.0-5-g1a98f26d00 (webtiles) character file.

Game seed: 2 (custom seed)

739 Kazon the Trooper (level 7, -5/54 HPs)
             Began as a Demonspawn Berserker on May 8, 2023.
             Was a Priest of Trog.
             Succumbed to Edmund's poison
             ... on level 5 of the Dungeon.
             The game lasted 00:18:23 (3850 turns).

Kazon the Trooper (Demonspawn Berserker)            Turns: 3850, Time: 00:18:23

Health: -5/54      AC:  6    Str: 18    XL:     7   Next: 46%
Magic:  7/7        EV: 13    Int: 10    God:    Trog [***...]
Gold:   23         SH:  0    Dex: 18    Spells: 6/6 levels left

rFire   . . .        v - +4 demon whip (vamp)
rCold   . . .        (no shield)
rNeg    . . .        b - +1 animal skin
rPois   .            y - +2 hat
rElec   .            (no cloak)
rCorr   .            (no gloves)
SInv    .            w - +0 pair of boots
Will    .....        (no amulet)
Stlth   ++++++       j - ring of flight
HPRegen 0.29/turn    (no ring)
MPRegen 0.10/turn

%: no passive effects
@: mighty, lethally poisoned (-5 -> -33), flying
A: horns 1, thin skeletal structure 3, foul stench 1
a: Renounce Religion, Berserk, Trog's Hand


You were on level 5 of the Dungeon.
You worshipped Trog.
Trog was most pleased with you.
You visited 1 branch of the dungeon, and saw 5 of its levels.

You collected 244 gold pieces.
You spent 221 gold pieces at shops.

Inventory:

Hand Weapons
 e - a +1 dagger of electrocution
 v - a +4 vampiric demon whip (weapon)
Missiles
 k - 27 poisoned darts (quivered)
 n - 13 stones
Armour
 b - a +1 animal skin (worn)
 u - a +0 scale mail
 w - a +0 pair of boots (worn)
 y - a +2 hat (worn)
Jewellery
 j - a ring of flight (left hand)
Wands
 a - a wand of flame (45)
 C - a wand of digging (5)
Scrolls
 f - 2 scrolls of magic mapping {unknown}
 i - a scroll of identify
 m - 3 scrolls of fear
 o - 2 scrolls of teleportation
 x - a scroll of fog {unknown}
 A - 2 scrolls of enchant weapon {unknown}
 D - a scroll of blinking {unknown}
 E - a scroll of poison
 F - a scroll of immolation
Potions
 c - 2 potions of flight
 d - a potion of lignification
 g - a potion of might
 l - 2 potions of heal wounds {unknown}
 p - 2 potions of curing {unknown}
 q - a potion of resistance {unknown}
 r - a potion of cancellation {unknown}
 s - 2 potions of magic {unknown}
 t - 2 potions of ambrosia {unknown}
 z - 2 potions of degeneration {unknown}
 B - a potion of invisibility {unknown}


   Skills:
 + Level 4.0 Fighting
 + Level 0.6 Short Blades
 + Level 3.4(4.1) Axes
 + Level 3.3(4.0) Maces & Flails
 + Level 2.1 Throwing
 + Level 2.0 Armour
 + Level 2.6 Dodging
 + Level 3.4 Stealth
 * Level 3.0 Evocations


You had 6 spell levels left.
You didn't know any spells.
Your spell library was empty.

Dungeon Overview and Level Annotations

Branches:
Dungeon (5/15)             Temple (0/1) D:5

Altars:
Ru
Xom

Shops:
D:4 :   D:5 ?

Annotations:
D:3 1 runed translucent door, Crazy Yiuf
D:5 Edmund


Innate Abilities, Weirdness & Mutations

You have a pair of small horns on your head.
You have an unnaturally thin skeletal structure. (Dex +6, Stealth+++)
You may rarely emit foul miasma when damaged in melee.


Message History

Edmund is moderately wounded.
Edmund closely misses you.
You barely miss Edmund.
Edmund is moderately wounded.
Edmund zaps a wand.
The puff of flame hits you but does no damage.
You hit Edmund.
Edmund is moderately wounded.
Edmund hits you with a +3 flail of venom.
You are poisoned.
You barely miss Edmund.
Edmund is moderately wounded.
You feel very sick.
Edmund hits you with a +3 flail of venom.
You are more poisoned.
You hit Edmund but do no damage. You punch Edmund.
Edmund is heavily wounded.
You feel very sick.
Edmund hits you with a +3 flail of venom!
You are more poisoned.
You whack Edmund!
You feel better.
You headbutt Edmund.
Edmund is severely wounded.
You feel extremely sick.
Edmund hits you with a +3 flail of venom!
* * * LOW HITPOINT WARNING * * *
You are more poisoned.
You hit Edmund.
You feel better.
Your headbutt misses Edmund.
Edmund is almost dead.
* * * LOW HITPOINT WARNING * * *
You feel extremely sick. Edmund barely misses you.
Edmund attacks as you move away!
Edmund hits you with a +3 flail of venom.
* * * LOW HITPOINT WARNING * * *
You are more poisoned.
* * * LOW HITPOINT WARNING * * *
You feel extremely sick.
It was a potion of might.
You feel very mighty all of a sudden.
You die...

...# .#. .. #..## ...
..# .... .... #.
#.... #..#).$.#
###.##..#.###..#.>...
..........##...$.:..
#.................<
##...#.##.#.@.......
#....#.##.#@#...#...
#..).....!###.....
#.......∩.# .###
#....#.##.#.# # #...
#.##.#..# #..
#.##.##... #.. #.#..#
###. #. #<#..# # .
#.#...


You could see Edmund.

Vanquished Creatures
  An ogre (D:4)
  2 scorpions (D:4)
  2 hounds (D:4)
  A jelly (D:3)
  A gnoll bouda (D:4)
  Jessica (D:3)
  2 orc wizards (D:4)
  Natasha (thrice) (D:2)
  An iguana (D:4)
  Robin (D:3)
  5 gnolls (D:4)
  9 adders
  2 worms
  4 dart slugs
  6 orcs
  6 ball pythons
  6 endoplasms
  5 giant cockroaches
  13 goblins
  8 hobgoblins
  9 kobolds
  5 quokkas
  5 bats
  3 frilled lizards
  4 rats
105 creatures vanquished.

Notes
Turn   | Place    | Note
-------+----------+-------------------------------------------
     0 | D:1      | Kazon the Demonspawn Berserker began the quest for the Orb.
     0 | D:1      | Reached XP level 1. HP: 18/18 MP: 1/1
   166 | D:1      | Found a faded altar of an unknown god.
   219 | D:1      | Gained mutation: You may rarely emit foul miasma when
                  | damaged in melee. [demonic ancestry]
   219 | D:1      | Reached XP level 2. HP: 13/24 MP: 2/2
   881 | D:1      | Gained mutation: You have a somewhat thin skeletal
                  | structure. (Dex +2, Stealth+) [demonic ancestry]
   881 | D:1      | Reached XP level 3. HP: 22/29 MP: 3/3
   946 | D:1      | Reached ** piety under Trog
  1057 | D:2      | Noticed Natasha
  1071 | D:1      | Identified a scroll of acquirement
  1071 | D:1      | Acquired a +4 vampiric demon whip
  1111 | D:2      | Killed Natasha
  1112 | D:2      | Reached skill level 1 in Stealth
  1262 | D:2      | Gained mutation: You have a moderately thin skeletal
                  | structure. (Dex +4, Stealth++) [demonic ancestry]
  1262 | D:2      | Reached XP level 4. HP: 29/35 MP: 4/4
  1452 | D:2      | Noticed Natasha
  1468 | D:2      | Killed Natasha
  1469 | D:2      | Reached skill level 1 in Throwing
  1509 | D:2      | Noticed Natasha
  1520 | D:2      | Killed Natasha
  1521 | D:2      | Reached skill level 1 in Maces & Flails
  1724 | D:3      | Found a shimmering altar of Xom.
  1724 | D:3      | Found a shimmering altar of Xom.
  1727 | D:3      | Found a shimmering altar of Xom.
  1727 | D:3      | Found a shimmering altar of Xom.
  1795 | D:3      | Gained mutation: You have an unnaturally thin skeletal
                  | structure. (Dex +6, Stealth+++) [demonic ancestry]
  1795 | D:3      | Reached XP level 5. HP: 42/42 MP: 5/5
  1859 | D:3      | Reached skill level 1 in Evocations
  1999 | D:3      | Noticed Jessica
  2021 | D:3      | Killed Jessica
  2081 | D:3      | Noticed Robin
  2120 | D:3      | Killed Robin
  2362 | D:3      | Reached *** piety under Trog
  2363 | D:3      | Reached XP level 6. HP: 48/48 MP: 6/6
  2404 | D:3      | Found a runed translucent door.
  2406 | D:3      | Noticed Crazy Yiuf
  3010 | D:4      | Found Jeusoc's Book Shop.
  3155 | D:4      | Found a sacrificial altar of Ru.
  3211 | D:4      | Gained mutation: You have a pair of small horns on your
                  | head. [demonic ancestry]
  3211 | D:4      | Reached XP level 7. HP: 32/53 MP: 7/7
  3274 | D:4      | Reached skill level 4 in Fighting
  3821 | D:5      | Entered Level 5 of the Dungeon
  3825 | D:5      | Found Oledinn's Magic Scroll Shoppe.
  3830 | D:5      | Found a staircase to the Ecumenical Temple.
  3833 | D:5      | Bought a scroll of fear for 52 gold pieces
  3833 | D:5      | Bought a scroll of teleportation for 39 gold pieces
  3833 | D:5      | Bought a scroll of poison for 52 gold pieces
  3833 | D:5      | Bought a scroll of immolation for 52 gold pieces
  3833 | D:5      | Bought a scroll of identify for 26 gold pieces
  3839 | D:5      | Noticed Edmund
  3849 | D:5      | HP: 1/54 [poisoned by Edmund]
  3850 | D:5      | Succumbed to Edmund's poison

Illustrated notes

Levels and vault maps discovered:
D:1:      dpeg_arrival_lava_altar, layout_basic,
          shapermc_ecumenical_altar_rom_forum
D:2:      layout_rooms, solitary_fountain, minmay_tromino_v4_a, uniq_natasha
D:3:      minmay_diamond_boxcup, layout_loops_ring, xom_redecorated,
          uniq_jessica, uniq_crazy_yiuf_cottage, uniq_robin
D:4:      layout_basic, mainiacjoe_overflow_boulevard, serial_shops, shop
D:5:      layout_rooms, minmay_temple_entry_offerings, serial_shops, shop,
          uniq_edmund

Skill      XL: |  1  2  3  4  5  6  7 |
---------------+----------------------+-----
Axes           | 3 |  3.4
Stealth        | 1 2 3 |  3.4
Dodging        | 2 |  2.6
Throwing       | 1 2 |  2.1
Maces & Flails | 1 2 3 |  3.3
Evocations     | 1 2 3 |  3.0
Armour         | 2 |  2.0
Fighting       | 4 |  4.0
Short Blades   | |  0.6

Action                     |  1- 3 |  4- 6 |  7- 9 || total
---------------------------+-------+-------+-------++-------
  Melee: Hand axe          |    69 |       |       ||    69
         Demon whip        |    14 |   104 |    28 ||   146
         Dagger            |       |    48 |       ||    48
         Punch             |       |     2 |     1 ||     3
         Headbutt          |       |       |     5 ||     5
  Throw: Stone             |     6 |    23 |     1 ||    30
         Dart              |       |       |     2 ||     2
    Use: Scroll            |     1 |       |     3 ||     4
         Potion            |       |       |     1 ||     1
   Stab: Sleeping          |     4 |    20 |     4 ||    28
         Distracted        |       |       |     1 ||     1
 Armour: Animal skin       |    11 |    10 |     8 ||    29
         Scale mail        |       |    16 |       ||    16
  Dodge: Dodged            |    52 |    71 |     8 ||   131
